[Event "International Championship of Central S"]
[Site "Paracin"]
[Date "2014.07.08"]
[Round "5.1"]
[White "Rapport, Richard"]
[Black "Nestorovic, Dejan"]
[Result "1-0"]
[ECO "A45"]
[WhiteElo "2701"]
[BlackElo "2408"]
[Annotator "Boban,Milojevic"]
[PlyCount "217"]
[EventDate "2014.??.??"]
[TimeControl "6000+1260"]
[WhiteClock "0:04:39"]
[BlackClock "0:00:34"]

1. d4 Nf6 2. Bg5 d5 3. e3 c6 4. Bd3 g6 5. Nd2 Bg7 6. Ngf3 O-O 7. c3 Qb6 8. Rb1
Bg4 9. Qa4 Nbd7 10. Ne5 Be6 11. f4 Rae8 12. Qa3 Kh8 13. Ndf3 Nxe5 14. fxe5 Ng8
15. h4 Bg4 16. h5 Bxh5 17. Bf4 f5 18. Ng5 Nh6 19. Ne6 Rf7 20. c4 a6 21. c5 Qa7
22. Bxh6 Bxh6 23. Be2 Rg8 24. Qd3 Qb8 25. Rxh5 gxh5 26. Bxh5 Rff8 27. Bf3 Rf7
28. Bh5 Rff8 29. Kf2 Qc8 30. Nxf8 Qxf8 31. Bf3 e6 32. Rh1 Qg7 33. Ke2 Bg5 34.
Qd1 Qc7 35. Qb3 Bd8 36. Kd3 Rg3 37. Kc2 Qg7 38. Kb1 Ba5 39. a3 Bd8 40. Qb4 Kg8
41. Rd1 Qc7 42. Rd3 Rg7 43. Qe1 Qe7 44. Rb3 Qc7 45. Ka2 Qe7 46. Qd1 Qg5 47. Qe2
Kh8 48. Rd3 Kg8 49. Rd1 Qg3 50. Rh1 Bh4 51. Qd1 Bg5 52. Qe2 Bh4 53. Qd1 Bg5 54.
Qd2 Bh4 55. Qa5 Qf2 56. Qb6 Bg5 57. Qa7 Re7 58. Qb8+ Kg7 59. Qd8 Qxe3 60. Rd1
Rf7 61. Qc8 Re7 62. Qd8 Rf7 63. Qc8 Re7 64. Kb1 Qf2 65. Qd8 Qe3 66. Kc2 Rf7 67.
Qe8 Re7 68. Qd8 Rf7 69. Qc8 Re7 70. Kb1 Qf2 71. Ka1 Be3 72. Qd8 Bg5 73. Ka2 Qc2
74. Ka1 Qf2 75. Qd6 Qe3 76. Ka2 Bh4 77. Bh5 Bg5 78. Qd8 Rf7 79. Qe8 Re7 80. Qd8
Rf7 81. Qc8 Re7 82. Ka1 Qf2 83. Bf3 Qe3 84. Qb8 Qf2 85. Qd6 Qe3 86. Qd8 Rf7 87.
Qe8 Re7 88. Qh5 Bh6 89. Qh4 Rf7 90. Rh1 Qg5 91. Qe1 Qe3 92. Qh4 Qg5 93. Qh3 Re7
94. g4 f4 95. Be2 Rf7 96. Qf3 Kg8 97. Rh5 Qg7 98. Bd3 Re7 99. Ka2 Bg5 100.
Bxh7+ Kf8 101. Qd3 f3 102. Qxf3+ Ke8 103. Bc2 Kd7 104. Qh3 Rf7 105. Rh8 Bd8
106. Qh5 Re7 107. g5 Ba5 108. g6 Bd8 109. Qh7 1-0

[Event "International Championship of Central S"]
[Site "Paracin"]
[Date "2014.07.08"]
[Round "5.2"]
[White "Damljanovic, Branko"]
[Black "Liou, Yian"]
[Result "1/2-1/2"]
[ECO "D15"]
[WhiteElo "2562"]
[BlackElo "2387"]
[Annotator "Boban,Milojevic"]
[PlyCount "64"]
[EventDate "2014.??.??"]
[TimeControl "6000+1380"]
[WhiteClock "0:01:24"]
[BlackClock "0:34:58"]

1. d4 d5 2. Nf3 Nf6 3. c4 c6 4. Nc3 a6 5. c5 Nbd7 6. Bf4 Nh5 7. Bd2 Nhf6 8. Qc2
g6 9. e4 Nxe4 10. Nxe4 dxe4 11. Ng5 Bg7 12. Bc4 O-O 13. O-O-O Nf6 14. Be3 b5
15. cxb6 Qxb6 16. Nxe4 Nxe4 17. Qxe4 Qb4 18. Qc2 Bf5 19. Qc3 Qxc3+ 20. bxc3
Rfb8 21. Bb3 a5 22. Bc2 Be6 23. a4 Bd5 24. f3 e5 25. Rhe1 Rb7 26. Kd2 Rd8 27.
Rb1 Rbd7 28. Rb6 exd4 29. Bxd4 Bh6+ 30. Ke2 Bf4 31. Kf2 Bc7 32. Rbb1 f5 1/2-1/2

[Event "International Championship of Central S"]
[Site "Paracin"]
[Date "2014.07.08"]
[Round "5.3"]
[White "Obodchuk, Andrei"]
[Black "Atalik, Suat"]
[Result "0-1"]
[ECO "E14"]
[WhiteElo "2374"]
[BlackElo "2550"]
[Annotator "Boban,Milojevic"]
[PlyCount "89"]
[EventDate "2014.??.??"]
[TimeControl "6000+980"]
[WhiteClock "0:05:20"]
[BlackClock "0:08:19"]

1. d4 Nf6 2. c4 e6 3. Nf3 b6 4. e3 Bb4+ 5. Nc3 Bb7 6. Bd3 O-O 7. O-O Re8 8. Bd2
d6 9. a3 Bxc3 10. Bxc3 Nbd7 11. Bc2 d5 12. cxd5 exd5 13. Ne5 Nxe5 14. dxe5 Ne4
15. Bxe4 dxe4 16. Qg4 Re6 17. Rfd1 Qe7 18. Rd2 h6 19. Rad1 Bc6 20. h4 a5 21.
Rd4 Rg6 22. Qf4 Re8 23. h5 Rg5 24. Qh2 Qe6 25. Qh4 Kh7 26. Rxe4 f5 27. Red4
Bxg2 28. Qxg5 hxg5 29. Kxg2 f4 30. f3 Qxe5 31. Rd7 Qxe3 32. Re1 Qxe1 33. Bxe1
Rxe1 34. Rxc7 Re2+ 35. Kh3 Rxb2 36. Rc6 b5 37. Rb6 a4 38. Kg4 Rg2+ 39. Kf5 g4
40. Kxf4 gxf3 41. Kxf3 Rg5 42. Kf4 Rxh5 43. Kg4 Rc5 44. Kh4 Kg8 45. Rb7 0-1

[Event "International Championship of Central S"]
[Site "Paracin"]
[Date "2014.07.08"]
[Round "5.4"]
[White "Tomic, Bosko"]
[Black "Egorov, Evgeny"]
[Result "1-0"]
[ECO "A15"]
[WhiteElo "2450"]
[BlackElo "2358"]
[Annotator "Boban,Milojevic"]
[PlyCount "63"]
[EventDate "2014.??.??"]
[TimeControl "6000+945"]
[WhiteClock "0:07:19"]
[BlackClock "0:00:32"]

1. c4 Nf6 2. g3 e5 3. Bg2 Nc6 4. Nc3 Bb4 5. Na4 O-O 6. a3 Bd6 7. d3 Re8 8. Nf3
b6 9. O-O Bb7 10. Nh4 a6 11. Nf5 Bf8 12. Nc3 Rb8 13. f4 g6 14. Nh4 Bc5+ 15. e3
exf4 16. d4 fxg3 17. dxc5 gxh2+ 18. Kh1 Ne5 19. Bxb7 Rxb7 20. e4 Nh5 21. Nf5
bxc5 22. Nd5 Re6 23. b3 f6 24. Ra2 Nf7 25. Rg2 Kh8 26. Bb2 c6 27. Nh6 Nxh6 28.
Qxh5 gxh5 29. Nxf6 Rxb3 30. Ne8+ Rf6 31. Rxf6 Ng8 32. Rf8+ 1-0

[Event "International Championship of Central S"]
[Site "Paracin"]
[Date "2014.07.08"]
[Round "5.5"]
[White "Nestorovic, Nikola"]
[Black "Markus, Robert"]
[Result "1/2-1/2"]
[ECO "B07"]
[WhiteElo "2439"]
[BlackElo "2607"]
[Annotator "Boban,Milojevic"]
[PlyCount "64"]
[EventDate "2014.??.??"]
[TimeControl "6000+1425"]
[WhiteClock "0:06:04"]
[BlackClock "0:13:39"]

1. e4 d6 2. d4 Nf6 3. Nc3 e5 4. dxe5 dxe5 5. Qxd8+ Kxd8 6. Bg5 Be6 7. O-O-O+
Nbd7 8. f4 exf4 9. Nf3 Kc8 10. Bxf4 Bb4 11. Nd5 Nxd5 12. exd5 Bg4 13. Rd4 Bxf3
14. gxf3 Bd6 15. Bxd6 cxd6 16. Rf4 Rf8 17. Bh3 Kd8 18. Re1 Rc8 19. Rfe4 Rc5 20.
Bxd7 Kxd7 21. Re7+ Kc8 22. R1e4 g5 23. b3 Kb8 24. Rd7 Rfc8 25. c4 b5 26. Ree7
R8c7 27. Re8+ Rc8 28. Rxc8+ Kxc8 29. Rxd6 bxc4 30. b4 Rb5 31. a3 a5 32. bxa5
Rxa5 1/2-1/2

[Event "International Championship of Central S"]
[Site "Paracin"]
[Date "2014.07.08"]
[Round "5.6"]
[White "Zajic, Milan"]
[Black "Savic, Miodrag R"]
[Result "1/2-1/2"]
[ECO "B01"]
[WhiteElo "2415"]
[BlackElo "2522"]
[Annotator "Boban,Milojevic"]
[PlyCount "66"]
[EventDate "2014.??.??"]
[TimeControl "6000+2690"]
[WhiteClock "0:04:40"]
[BlackClock "0:00:49"]

1. e4 d5 2. exd5 Qxd5 3. Nc3 Qa5 4. d4 c6 5. Nf3 Nf6 6. Bc4 Bf5 7. Bd2 e6 8.
Nd5 Qd8 9. Nxf6+ gxf6 10. Qe2 Nd7 11. O-O-O Be7 12. Nh4 Bg6 13. Rhe1 f5 14. d5
cxd5 15. Nxg6 hxg6 16. Bxd5 Qb6 17. Bf4 Bf6 18. Bb3 Nc5 19. Bd6 Rd8 20. Bxc5
Rxd1+ 21. Rxd1 Qxc5 22. Qf3 Qb6 23. h3 O-O 24. g4 Rd8 25. Rg1 Qd4 26. c3 Qd2+
27. Kb1 Rd3 28. Qxb7 Qxf2 29. Rd1 Rxd1+ 30. Bxd1 Qd2 31. Qf3 f4 32. a4 Kg7 33.
a5 Bd8 1/2-1/2

[Event "International Championship of Central S"]
[Site "Paracin"]
[Date "2014.07.08"]
[Round "5.7"]
[White "Brankovic, Dejan"]
[Black "Vojinovic, Goran"]
[Result "1/2-1/2"]
[ECO "C45"]
[WhiteElo "2344"]
[BlackElo "2460"]
[Annotator "Boban,Milojevic"]
[PlyCount "83"]
[EventDate "2014.??.??"]
[TimeControl "6000+1200"]
[WhiteClock "0:27:59"]
[BlackClock "0:30:14"]

1. e4 e5 2. Nf3 Nc6 3. d4 exd4 4. Nxd4 Bc5 5. Be3 Qf6 6. c3 Qg6 7. Qf3 Ne5 8.
Qf4 Bd6 9. Qg5 Qxg5 10. Bxg5 Be7 11. Bxe7 Nxe7 12. f4 N5c6 13. Nd2 d6 14. Nb5
Kd8 15. O-O-O Bg4 16. Re1 Re8 17. Re3 Be6 18. Be2 f6 19. Rg3 Rg8 20. Nd4 Bf7
21. a3 Nxd4 22. cxd4 f5 23. Bd3 g6 24. Nf3 fxe4 25. Bxe4 Bd5 26. Re1 Kd7 27.
Ng5 Bxe4 28. Rxe4 h6 29. Nf7 Nf5 30. Rh3 h5 31. Rb3 b6 32. d5 Rge8 33. Ng5 Re7
34. Ne6 Rc8 35. Rc3 c5 36. dxc6+ Rxc6 37. Nf8+ Kc7 38. Rxe7+ Nxe7 39. Ne6+ Kd7
40. Nf8+ Kc7 41. Ne6+ Kd7 42. Nf8+ {Nf5 Rc4+} 1/2-1/2

[Event "International Championship of Central S"]
[Site "Paracin"]
[Date "2014.07.08"]
[Round "5.1"]
[White "Chandra, Akshat"]
[Black "Nielsen, Hogni Egilstoft"]
[Result "1-0"]
[ECO "C80"]
[WhiteElo "2442"]
[BlackElo "2212"]
[Annotator "Boban,Milojevic"]
[PlyCount "79"]
[EventDate "2014.??.??"]
[TimeControl "6000+1210"]
[WhiteClock "0:02:31"]
[BlackClock "0:00:42"]

1. e4 e5 2. Nf3 Nc6 3. Bb5 a6 4. Ba4 Nf6 5. O-O Nxe4 6. d4 b5 7. Bb3 d5 8. dxe5
Be6 9. Nbd2 Be7 10. c3 O-O 11. Bc2 f5 12. Nb3 Qd7 13. Re1 a5 14. Bd3 Rab8 15.
Qe2 a4 16. Nbd4 Nxd4 17. Nxd4 c6 18. a3 Nc5 19. Bc2 Nb7 20. h3 Na5 21. Kh1 Nc4
22. g4 fxg4 23. hxg4 Bc5 24. Rg1 Qe7 25. Rg3 Bxd4 26. cxd4 c5 27. f4 cxd4 28.
f5 Bd7 29. e6 Bc6 30. g5 d3 31. Bxd3 Qd6 32. Rh3 Qe5 33. Qf2 d4+ 34. Kg1 g6 35.
Bf4 Qd5 36. Bxb8 Rxb8 37. fxg6 Qxg5+ 38. Rg3 Qe7 39. gxh7+ Kh8 40. Qxd4+ 1-0

[Event "International Championship of Central S"]
[Site "Paracin"]
[Date "2014.07.08"]
[Round "5.2"]
[White "Lajthajm, Borko"]
[Black "Vucinic, Gojko"]
[Result "1-0"]
[ECO "A15"]
[WhiteElo "2526"]
[BlackElo "2313"]
[Annotator "Boban,Milojevic"]
[PlyCount "169"]
[EventDate "2014.??.??"]
[TimeControl "6000+910"]
[WhiteClock "0:56:59"]
[BlackClock "0:08:38"]

1. c4 Nf6 2. Nf3 g6 3. g3 Bg7 4. Bg2 O-O 5. O-O d5 6. cxd5 Nxd5 7. Qb3 c5 8.
Nc3 Nc7 9. d3 Nc6 10. Bf4 Ne6 11. Bd2 Rb8 12. Rac1 b6 13. Rfe1 Ned4 14. Nxd4
Nxd4 15. Qc4 Be6 16. Qa6 Qd7 17. Bf4 Rbd8 18. b3 Bf5 19. Be3 e5 20. Bxd4 exd4
21. Nb5 Rde8 22. b4 Bh6 23. f4 g5 24. bxc5 gxf4 25. cxb6 f3 26. Bxf3 Bxc1 27.
Rxc1 axb6 28. Nc7 Rb8 29. Nd5 Kh8 30. Qc4 f6 31. Qxd4 Qd6 32. Rc7 Rbc8 33. Rxc8
Rxc8 34. Qxb6 Qxb6+ 35. Nxb6 Rc1+ 36. Kf2 Rc2 37. a4 Bxd3 38. Nd5 Bc4 39. Nxf6
Ra2 40. g4 Rxa4 41. h4 Ra6 42. Nh5 Bf7 43. Nf4 h6 44. Kg3 Ra5 45. Nd3 Kg7 46.
Kf4 Kf6 47. e4 Bc4 48. Nb4 Ra4 49. Nc6 Bd5 50. Ne5 Rb4 51. g5+ hxg5+ 52. hxg5+
Kg7 53. Nd3 Ra4 54. Kf5 Bc6 55. Kf4 Rd4 56. Nc5 Rc4 57. Nd3 Rd4 58. Ne5 Bb7 59.
Ng4 Kg6 60. Nf6 Rb4 61. Bh5+ Kg7 62. Bg4 Bc6 63. Bf5 Rb1 64. Nh5+ Kf8 65. Ke5
Be8 66. Nf4 Bf7 67. g6 Bxg6 68. Bxg6 Rb5+ 69. Kf6 Rb6+ 70. Ne6+ Kg8 71. e5 Rb5
72. Be8 Rxe5 73. Kxe5 Kh8 74. Kf6 Kh7 75. Ng5+ Kh8 76. Bg6 Kg8 77. Nf7 Kf8 78.
Bh7 Ke8 79. Ne5 Kf8 80. Nd7+ Ke8 81. Ke6 Kd8 82. Kd6 Ke8 83. Bg6+ Kd8 84. Nc5
Kc8 85. Be8 1-0

[Event "International Championship of Central S"]
[Site "Paracin"]
[Date "2014.07.08"]
[Round "5.3"]
[White "Drenchev, Petar"]
[Black "Sarenac, David"]
[Result "1-0"]
[ECO "D20"]
[WhiteElo "2511"]
[BlackElo "2304"]
[Annotator "Boban,Milojevic"]
[PlyCount "129"]
[EventDate "2014.??.??"]
[TimeControl "6000+1185"]
[WhiteClock "0:00:52"]
[BlackClock "0:01:56"]

1. d4 d5 2. c4 dxc4 3. e3 e5 4. Bxc4 exd4 5. exd4 Bd6 6. Nf3 Nf6 7. O-O O-O 8.
h3 h6 9. Nc3 c6 10. Re1 Nbd7 11. Ne5 Nb6 12. Bb3 Nbd5 13. Qf3 Be6 14. Bd2 Re8
15. Na4 Nc7 16. Ba5 Qc8 17. Bc2 Bf8 18. Rad1 Bd5 19. Qd3 g6 20. Bd2 Bg7 21. Nc3
Be6 22. Qf3 Ncd5 23. a3 Qc7 24. Na4 Rad8 25. Nc5 Bc8 26. Bc1 Re7 27. b4 a5 28.
Bd2 axb4 29. axb4 Rde8 30. Bb3 Qd6 31. Rc1 b6 32. Ncd3 Bb7 33. Rc2 Rc8 34. Rec1
Rec7 35. Ba4 Qe6 36. Bb3 Qd6 37. Re1 Ba6 38. Nf4 Bb5 39. Rec1 Kh7 40. Nxd5 cxd5
41. Nxf7 Qe7 42. Ne5 Ne4 43. Bf4 Rxc2 44. Rxc2 Rxc2 45. Bxc2 Qxb4 46. Be3 Qe1+
47. Kh2 Qe2 48. Bxe4 dxe4 49. Qf7 Qh5 50. g4 Qh4 51. Qxg6+ Kg8 52. Qe6+ Kh7 53.
Qf5+ Kg8 54. Qf7+ Kh7 55. Qf5+ Kg8 56. Qxe4 Bf1 57. Qd5+ Kh7 58. Qf3 b5 59. Nc6
Kh8 60. d5 b4 61. d6 Bb5 62. Bd4 Qg5 63. Qf8+ Kh7 64. Bxg7 Bxc6 65. Bd4 1-0

[Event "International Championship of Central S"]
[Site "Paracin"]
[Date "2014.07.08"]
[Round "5.4"]
[White "Blagojevic, Dragisa"]
[Black "Radovanovic, Nikola"]
[Result "1-0"]
[ECO "E20"]
[WhiteElo "2505"]
[BlackElo "2303"]
[Annotator "Boban,Milojevic"]
[PlyCount "125"]
[EventDate "2014.??.??"]
[TimeControl "6000+1005"]
[WhiteClock "0:02:34"]
[BlackClock "0:02:05"]

1. d4 Nf6 2. c4 e6 3. Nc3 Bb4 4. f3 d5 5. a3 Be7 6. e4 dxe4 7. fxe4 e5 8. d5
Bc5 9. Nf3 Bg4 10. h3 Bxf3 11. Qxf3 O-O 12. Bd3 Nbd7 13. Bd2 Qe7 14. O-O-O a5
15. Kb1 Ne8 16. Ka2 Nd6 17. g4 Rfb8 18. Rc1 Bd4 19. Ne2 Bc5 20. Rc2 c6 21. Rhc1
Qd8 22. Ng3 a4 23. Nf5 Nxf5 24. exf5 Qb6 25. Bf1 Bd4 26. Bb4 Re8 27. c5 Qc7 28.
Bg2 e4 29. Qd1 Be3 30. Rb1 Nf6 31. d6 Qd7 32. Rc4 Bg5 33. Be1 e3 34. h4 e2 35.
Qc2 Be3 36. Bf3 Nd5 37. Bxe2 b5 38. cxb6 Bxb6 39. Bf3 Ne3 40. Bxc6 Qxd6 41. Qe2
Nxc4 42. Bxe8 Ne3 43. Bb5 Qd5+ 44. Ka1 Qe4 45. Rc1 Qxg4 46. Qxg4 Nxg4 47. Bxa4
Ne3 48. Bf2 g6 49. f6 h6 50. Bb3 Bd4 51. Ka2 Nf5 52. Bxd4 Nxd4 53. Bd5 Rd8 54.
Rc5 Nf5 55. a4 Nxh4 56. a5 Nf5 57. a6 Ne3 58. Bb7 Rd4 59. b3 Rd2+ 60. Kb1 Rd1+
61. Rc1 Rd3 62. a7 Rxb3+ 63. Ka2 1-0

[Event "International Championship of Central S"]
[Site "Paracin"]
[Date "2014.07.08"]
[Round "5.5"]
[White "Kadric, Denis"]
[Black "Nakhbayeva, Guliskhan"]
[Result "0-1"]
[ECO "C03"]
[WhiteElo "2494"]
[BlackElo "2300"]
[Annotator "Boban,Milojevic"]
[PlyCount "103"]
[EventDate "2014.??.??"]
[TimeControl "6000+890"]
[BlackClock "0:01:46"]

1. e4 e6 2. d4 d5 3. Nd2 Be7 4. e5 c5 5. c3 Nc6 6. Bd3 Qb6 7. Ndf3 Bd7 8. Ne2
cxd4 9. cxd4 Bb4+ 10. Kf1 Bf8 11. Kg1 Nge7 12. h4 h6 13. h5 Nf5 14. Bxf5 exf5
15. Nf4 Be6 16. Rh3 O-O-O 17. Rg3 Kb8 18. b3 Rc8 19. Be3 Nb4 20. Ne1 Rg8 21. a3
Nc6 22. Ned3 Na5 23. Bd2 Nc6 24. Be3 Na5 25. Nxe6 fxe6 26. Rg6 Rc6 27. Nb4 Rc8
28. Bxh6 Bxb4 29. axb4 Nxb3 30. Rb1 gxh6 31. Rxb3 Rxg6 32. hxg6 Rg8 33. Rh3
Rxg6 34. Qh5 Rg8 35. Qxh6 Rc8 36. Rh4 a6 37. Kh2 Ka7 38. Qf6 Rc4 39. Rh8 Qxd4
40. Qxe6 Qf4+ 41. Kh3 Rc3+ 42. g3 Qxf2 43. Qg8 Qf1+ 44. Kh4 Qc4+ 45. Kh5 Qe2+
46. Kh6 Rc6+ 47. Kg7 Qxe5+ 48. Kh7 Qe7+ 49. Qg7 Qe4 50. Rf8 f4+ 51. Kh8 Rg6 52.
Qc7 0-1

[Event "International Championship of Central S"]
[Site "Paracin"]
[Date "2014.07.08"]
[Round "5.6"]
[White "Pikula, Dejan"]
[Black "Svicevic, Rastko"]
[Result "1-0"]
[ECO "B35"]
[WhiteElo "2491"]
[BlackElo "2300"]
[Annotator "Boban,Milojevic"]
[PlyCount "79"]
[EventDate "2014.??.??"]
[TimeControl "6000+830"]
[WhiteClock "0:45:01"]
[BlackClock "0:24:32"]

1. e4 c5 2. Nf3 g6 3. d4 cxd4 4. Nxd4 Nc6 5. Nc3 Bg7 6. Be3 Nf6 7. Bc4 O-O 8.
Bb3 a5 9. O-O a4 10. Nxa4 Nxe4 11. c4 d6 12. f3 Nxd4 13. Bxd4 Nc5 14. Bxg7 Kxg7
15. Nc3 Ra6 16. Kh1 Be6 17. Bc2 Kg8 18. b3 Qc8 19. Re1 Re8 20. Qd2 Rc6 21. Re3
Nd7 22. Nb5 Rc5 23. Nd4 Nf8 24. Be4 Bd7 25. a4 f5 26. Bc2 e5 27. Ne2 d5 28. b4
Rxc4 29. Bb3 d4 30. Rxe5 Rxe5 31. Qxd4 Rxe2 32. Qxc4+ Qxc4 33. Bxc4+ Re6 34. a5
Kg7 35. Bxe6 Nxe6 36. Rd1 Bc6 37. a6 Nc7 38. axb7 Na6 39. Rd6 Bb5 40. Rd1 1-0

[Event "International Championship of Central S"]
[Site "Paracin"]
[Date "2014.07.08"]
[Round "5.7"]
[White "Ketzetzis, Georgios"]
[Black "Tosic, Srecko"]
[Result "0-1"]
[ECO "C41"]
[WhiteElo "2225"]
[BlackElo "2399"]
[Annotator "Boban,Milojevic"]
[PlyCount "96"]
[EventDate "2014.??.??"]
[TimeControl "6000+2465"]
[WhiteClock "0:00:33"]
[BlackClock "0:11:26"]

1. e4 d6 2. d4 Nf6 3. Nc3 e5 4. Nf3 Nbd7 5. Bc4 Be7 6. O-O c6 7. Re1 b5 8. Bb3
a6 9. a4 b4 10. Nb1 O-O 11. Nbd2 Qc7 12. Nc4 h6 13. Nh4 Rd8 14. Nf5 Bf8 15. Re3
exd4 16. Rg3 Kh7 17. Qxd4 Nc5 18. Bxh6 Bxf5 19. exf5 gxh6 20. Qxf6 Ne4 21. Qd4
Nxg3 22. hxg3 d5 23. Ne3 Qd6 24. f6 Kh8 25. Qh4 Qe5 26. Ng4 Qg5 27. Qxg5 hxg5
28. Ne5 Rdc8 29. Nxf7+ Kh7 30. Rd1 Kg6 31. Ne5+ Kxf6 32. Nd7+ Ke6 33. Nb6 Bg7
34. f4 Bxb2 35. Kf2 Kf5 36. Kf3 g4+ 37. Kf2 a5 38. Nxa8 Rxa8 39. Rh1 Rh8 40.
Rxh8 Bxh8 41. c4 bxc3 42. Bc2+ Ke6 43. Ke3 c5 44. Bd1 c4 45. Bxg4+ Kd6 46. Ke2
d4 47. Kd1 d3 48. Kc1 c2 0-1

[Event "International Championship of Central S"]
[Site "Paracin"]
[Date "2014.07.08"]
[Round "5.8"]
[White "Popovic, Djordje D"]
[Black "Miedema, David"]
[Result "0-1"]
[ECO "D34"]
[WhiteElo "2208"]
[BlackElo "2362"]
[Annotator "Boban,Milojevic"]
[PlyCount "94"]
[EventDate "2014.??.??"]
[TimeControl "6000+1245"]
[WhiteClock "0:01:12"]
[BlackClock "0:37:06"]

1. d4 Nf6 2. c4 e6 3. g3 d5 4. Bg2 c5 5. Nf3 Nc6 6. cxd5 exd5 7. O-O Be7 8. Nc3
O-O 9. dxc5 Bxc5 10. Na4 Be7 11. Be3 Re8 12. Rc1 Bg4 13. h3 Be6 14. Bc5 Ne4 15.
Bxe7 Rxe7 16. Nd4 Bd7 17. Nc5 Be8 18. Nxc6 Bxc6 19. e3 Qa5 20. Qd4 Qxa2 21.
Nxe4 dxe4 22. Ra1 Qb3 23. Rfc1 Ree8 24. Bf1 a5 25. Ra3 Qe6 26. Qc3 a4 27. Qb4
Rad8 28. h4 Qf6 29. Bb5 Bxb5 30. Qxb5 Re5 31. Qxa4 h6 32. Qb4 Qf3 33. Ra5 Re6
34. Rac5 Rf6 35. Qe1 Kh7 36. R5c2 Rfd6 37. Re2 g5 38. h5 Qxh5 39. Qf1 Qf3 40.
Ree1 Rd2 41. b4 Kg6 42. Qg2 Rb2 43. Rb1 Rxb1 44. Rxb1 Rd1+ 45. Rxd1 Qxd1+ 46.
Kh2 f5 47. b5 b6 0-1